 Dungeon Crawl Stone Soup version 0.29-a0-885-gb26ba3297d (webtiles) character file.

Game seed: 4799384290378608607

1559 funkygono the Geomancer (level 8, -3/45 HPs)
             Began as a Gargoyle Earth Elementalist on July 20, 2022.
             Was an Initiate of Vehumet.
             Slain by a yak (9 damage)
             ... on level 7 of the Dungeon.
             The game lasted 00:11:17 (5468 turns).

funkygono the Geomancer (GrEE)                      Turns: 5468, Time: 00:11:18

Health: -3/45      AC: 11    Str: 12    XL:     8   Next: 89%
Magic:  12/18      EV: 12    Int: 18    God:    Vehumet [......]
Gold:   334        SH:  0    Dex: 10    Spells: 9/20 levels left

rFire   . . .      SeeInvis .   i - +2 whip
rCold   . . .      Faith    .   (no shield)
rNeg    + . .      Spirit   .   a - +0 robe
rPois   ∞          Reflect  .   p - +2 helmet
rElec   +          Harm     .   (no cloak)
rCorr   +          Rampage  .   (no gloves)
Will    .....                   t - +0 pair of boots
Stlth   ++........              n - amulet of regeneration
HPRegen 0.95/turn               v - ring of resist corrosion
MPRegen 0.16/turn               (no ring)

@: no status effects
A: sickness immunity, AC +5, negative energy resistance 1, electricity
resistance, torment resistance 1, petrification resistance
a: Renounce Religion


You were on level 7 of the Dungeon.
You worshipped Vehumet.
Vehumet was noncommittal.
You visited 2 branches of the dungeon, and saw 8 of its levels.

You collected 334 gold pieces.

Inventory:

Hand Weapons
 f - a +0 flail
 i - a +2 whip (weapon)
 r - a +0 quarterstaff
Armour
 a - a +0 robe (worn)
 e - a +0 leather armour
 p - a +2 helmet (worn)
 t - a +0 pair of boots (worn)
Magical Staves
 h - a staff of conjuration
Jewellery
 n - an amulet of regeneration (around neck)
 v - a ring of resist corrosion (left hand)
Wands
 q - a wand of digging (7)
 u - a wand of paralysis (12)
Scrolls
 c - 2 scrolls of butterflies
 m - a scroll of magic mapping
 s - a scroll of identify
Potions
 b - 2 potions of magic
 d - 3 potions of lignification
 g - 4 potions of haste
 j - a potion of berserk rage {unknown}
 k - 4 potions of curing
 l - a potion of might {unknown}
 o - a potion of attraction {unknown}


   Skills:
 * Level 2.6 Fighting
 + Level 0.8 Maces & Flails
 + Level 2.5 Dodging
 - Level 2.1 Stealth
 * Level 6.7 Spellcasting
 * Level 2.2 Conjurations
 + Level 0.7 Transmutations
 * Level 1.8 Fire Magic
 * Level 8.5 Earth Magic


You had 9 spell levels left.
You knew the following spells:

 Your Spells              Type           Power      Damage    Failure   Level
a - Sandblast             Erth           72%        2d16      1%          1
b - Passwall              Tmut/Erth      18%        N/A       2%          2
c - Stone Arrow           Conj/Erth      50%        3d10      3%          3
d - Foxfire               Conj/Fire      52%        2x1d6     4%          1
e - Flame Wave            Conj/Fire      13%        2d6       43%         4

Your spell library contained the following spells:

 Spells                   Type           Power      Damage    Failure   Level
 Freeze                   Ice            24%        1d5       11%         1
 Wereblood                Tmut           8%         N/A       13%         2
 Conjure Flame            Conj/Fire      13%        6-21      14%         3
 Petrify                  Tmut/Erth      22%        N/A       17%         4
 Dazzling Flash           Conj/Hex       20%        N/A       22%         3
 Inner Flame              Hex/Fire       9%         N/A       22%         3
 Frozen Ramparts          Ice            12%        1d3       32%         3
 Hailstorm                Conj/Ice       10%        3d5       56%         4
 Agony                    Necr           6%         N/A       97%         5
 Silence                  Hex/Air        3%         N/A       97%         5
 Summon Hydra             Summ           3%         N/A       100%        7
 Sublimation of Blood     Necr           Unusable   N/A       N/A         2

Dungeon Overview and Level Annotations

Branches:
Dungeon (7/15)             Temple (1/1) D:5

Altars:
Ashenzari
Cheibriados
Dithmenos
Elyvilon
Fedhas
Gozag
Hepliaklqana
Kikubaaqudgha
Makhleb
Nemelex Xobeh
Qazlal
Sif Muna
Trog
Uskayaw
Vehumet
Wu Jian
Xom
Yredelemnul
Zin
The Shining One

Shops:
D:7 (

Annotations:
D:3 2 transporters, HoaS's ghost, novice GrHu


Innate Abilities, Weirdness & Mutations

You are immune to sickness and miasma.
Your stone body is resilient. (AC +5)
You are immune to poison.
You resist negative energy. (rN+)
You are resistant to electric shocks. (rElec)
You are resistant to unholy torment.
You are immune to petrification.


Message History

The yak is heavily wounded.
You hit the yak.
The yak is lightly wounded.
The yak misses you.
You hit the yak but do no damage.
The yak is lightly wounded.
The yak misses you. The yak gores you but does no damage.
You hit the yak.
The yak is lightly wounded.
The yak gores you! x2
* * * LOW HITPOINT WARNING * * *
Your magical contamination has completely faded away.
You hit the yak but do no damage.
The yak is lightly wounded.
The yak barely misses you. The yak completely misses you.
You hit the yak.
The yak is lightly wounded.
The yak closely misses you. The yak misses you.
You hit the yak.
The yak is lightly wounded.
The yak gores you but does no damage. The yak gores you!
* * * LOW HITPOINT WARNING * * *
Okay, then.
Aiming: Paralyse
Press: ? - help, Shift-Dir - straight line, f/p - yak
Aim: a yak (heavily wounded, chance to affect: 49%)
The yak suddenly stops moving!
The yak gores you.
* * * LOW HITPOINT WARNING * * *
Unknown command.
Casting: Stone Arrow (dangerous; 3% risk of failure)
Confirm with . or Enter, or press ? or * to list all spells.
Aiming: Sandblast (safe; 1% risk of failure)
Press: ? - help, Shift-Dir - straight line, f - yak, p - yak
Aim: a yak (lightly wounded, 89% to hit)
The blast of sand hits the yak!!
The yak is almost dead.
The yak gores you.
* * * LOW HITPOINT WARNING * * *
The yak gores you!
You die...

...........# #.#
....#######.# #.#
#.#.#....!#.# #.#
....#..$$.#.# #.#
..#.#$._..#.# #.#
....#.$.$$#.# #.#
>#..#...$.#Y# #.#
....###'###Y# #.#
###.......Y@# #.#
#.##.#..########.#
#................#
##################


You could see 3 yaks.

Vanquished Creatures
  A wyvern (D:6)
  A water moccasin (D:5)
  2 black bears
  An ice beast (D:6)
  An ogre (D:5)
  A phantom (D:5)
  4 scorpions
  A bullfrog (D:6)
  2 howler monkeys
  A jelly (D:6)
  A gnoll bouda (D:6)
  2 hounds
  An orc priest (D:5)
  5 iguanas
  An orc wizard (D:4)
  Robin (D:3)
  7 gnolls
  4 adders
  A shadow imp (D:5)
  An ufetubus (D:5)
  3 dart slugs
  15 orcs
  7 endoplasms
  2 giant cockroaches
  8 hobgoblins
  9 kobolds
  3 quokkas
  4 ball pythons
  A bat (D:1)
  4 frilled lizards
  11 goblins
  A rat (D:3)
107 creatures vanquished.

Vanquished Creatures (others)
  51 foxfires
51 creatures vanquished.

Grand Total: 158 creatures vanquished

Notes
Turn   | Place    | Note
-------+----------+-------------------------------------------
     0 | D:1      | funkygono the Gargoyle Earth Elementalist began the quest
                  | for the Orb.
     0 | D:1      | Reached XP level 1. HP: 10/10 MP: 3/3
   231 | D:1      | Reached XP level 2. HP: 15/15 MP: 0/5
   234 | D:1      | Learned a level 2 spell: Passwall
   336 | D:1      | Reached skill level 4 in Earth Magic
   784 | D:1      | Found a faded altar of an unknown god.
   870 | D:1      | Reached XP level 3. HP: 19/19 MP: 4/6
   874 | D:1      | Learned a level 3 spell: Stone Arrow
  1194 | D:1      | Reached XP level 4. HP: 9/24 MP: 1/8
  1632 | D:2      | Found an ornate altar of the Wu Jian Council.
  1990 | D:3      | Noticed Robin
  2063 | D:3      | Killed Robin
  2064 | D:3      | Reached XP level 5. HP: 28/28 MP: 6/10
  2325 | D:3      | Noticed HoaS's ghost (novice GrHu)
  2326 | D:3      | Found a transporter.
  2363 | D:3      | Found a transporter.
  2554 | D:3      | Found an ancient bone altar of Kikubaaqudgha.
  2554 | D:3      | Found a sparkling altar of Nemelex Xobeh.
  2660 | D:3      | Reached skill level 5 in Earth Magic
  2817 | D:4      | Reached XP level 6. HP: 33/33 MP: 7/12
  2892 | D:4      | Noticed a black bear
  2902 | D:4      | Killed a black bear
  3039 | D:4      | Reached skill level 6 in Earth Magic
  3160 | D:4      | Reached skill level 1 in Fighting
  3160 | D:4      | Reached XP level 7. HP: 38/38 MP: 10/14
  3371 | D:5      | Entered Level 5 of the Dungeon
  3377 | D:5      | Reached skill level 5 in Spellcasting
  3482 | D:5      | Reached skill level 1 in Conjurations
  3587 | D:4      | Reached skill level 7 in Earth Magic
  3679 | D:5      | Found a stormy altar of Qazlal.
  3695 | D:5      | Reached XP level 8. HP: 44/44 MP: 14/16
  3767 | D:5      | Found a staircase to the Ecumenical Temple.
  3804 | Temple   | Entered the Ecumenical Temple
  3815 | Temple   | Became a worshipper of Vehumet
  4246 | D:5      | Learned a level 1 spell: Foxfire
  4251 | D:5      | Learned a level 4 spell: Flame Wave
  4480 | D:6      | Reached skill level 8 in Earth Magic
  4526 | D:6      | Noticed a wyvern
  4534 | D:6      | Killed a wyvern
  4606 | D:6      | Reached skill level 1 in Fire Magic
  5311 | D:7      | Found Kotrudugg's Antique Weapon Emporium.
  5437 | D:7      | Found a glowing silver altar of Zin.
  5442 | D:7      | Noticed a yak
  5448 | D:7      | Noticed a yak
  5451 | D:7      | Noticed a yak
  5468 | D:7      | Slain by a yak

Illustrated notes

Levels and vault maps discovered:
D:1:      wander_arrival_chamber, layout_loops_cross,
          shapermc_ecumenical_altar_mp_highgroup, minmay_misc_feat_diagonals
D:2:      layout_rooms, basic_altar
D:3:      layout_basic, gammafunk_temple_overflow_statue,
          gammafunk_ghost_mausoleum, chequers_serial_rivers_small_3,
          serial_bayou_pond_a, moated_statue, uniq_robin
D:4:      layout_cave_pools
D:5:      layout_rooms, mainiacjoe_overflow_24_doors,
          minmay_temple_entry_statues_fountains, minivault_1
D:6:      layout_cave_pools
D:7:      layout_loops_cross, mainiacjoe_overflow_tiny_flanked,
          amcnicky_altar_gilded, serial_rivers, chequers_serial_rivers_small_3,
          chequers_serial_rivers_micro_a, chequers_serial_rivers_room_b,
          chequers_serial_rivers_small_3, chequers_serial_rivers_small_a,
          chequers_serial_rivers_micro_e, serial_shops, nicolae_diamond_shop,
          hangedman_decor_peaks_small, serial_bayou_crossing
Temple:   lightli_temple_of_artemis

Skill      XL: |  1  2  3  4  5  6  7  8 |
---------------+-------------------------+-----
Earth Magic    | 4 5 6 7 8 |  8.5
Dodging        | 2 |  2.5
Spellcasting   | 3 4 5 6 |  6.7
Fighting       | 1 2 |  2.6
Conjurations   | 1 2 |  2.2
Fire Magic     | 1 |  1.8
Maces & Flails | |  0.8
Stealth        | |  2.1
Transmutations | |  0.7

Action                   |  1- 3 |  4- 6 |  7- 9 || total
-------------------------+-------+-------+-------++-------
Melee: Club              |     5 |       |       ||     5
       Whip              |       |     1 |    26 ||    27
       Punch             |       |       |     1 ||     1
 Cast: Sandblast         |    39 |    72 |    63 ||   174
       Foxfire           |       |       |    27 ||    27
       Stone Arrow       |       |       |     7 ||     7
Evoke: Wand              |       |       |     1 ||     1
  Use: Scroll            |       |       |    11 ||    11
Armor: Robe              |     8 |    42 |    43 ||    93
Dodge: Dodged            |    18 |    64 |    69 ||   151

Table legend: (Time is in decaauts)
 A = Elapsed time spent in this place.
 B = Non-inter-level travel time spent in this place.
 C = Inter-level travel time spent in this place.
 D = Time resting spent in this place.
 E = Time spent auto-exploring this place.
 F = Levels seen in this place.
 G = Mean time per level.
                   A        B        C        D        E       F      G
               +--------+--------+--------+--------+--------+-----+--------+
         Total |   5663 |   5481 |    182 |    247 |   4231 |   8 |  707.9 |
       Dungeon |   5555 |   5382 |    173 |    247 |   4144 |   7 |  793.6 |
        Temple |    107 |     98 |      9 |      0 |     87 |   1 |  107.0 |
               +--------+--------+--------+--------+--------+-----+--------+

Top non-repeatable levels by time:
     D:1: 1347 daAuts
     D:5: 829 daAuts
     D:3: 816 daAuts
     D:6: 813 daAuts
     D:4: 731 daAuts
     D:2: 653 daAuts
     D:7: 364 daAuts
  Temple: 107 daAuts
